 Dungeon Sprint DCSS version 0.30-a0-311-gf115ab0292 (webtiles) character file.

Game seed: 9289852403707238724

37 rocky1 the Ruffian (level 3, -6/42 HPs)
             Began as a Draconian Transmuter on Oct 26, 2022.
             Mangled by a water moccasin (8 damage)
             ... in the Dungeon (Sprint IX: "|||||||||||||||||||||||||||||").
             The game lasted 00:00:21 (50 turns).

rocky1 the Ruffian (Draconian Transmuter)             Turns: 50, Time: 00:00:23

Health: -6/42      AC:  5    Str: 12    XL:     3   Next: 23%
Magic:  3/7        EV: 12    Int: 15    God:
Gold:   0          SH:  0    Dex: 11    Spells: 7/8 levels left

rFire   . . .      SeeInvis .      - Unarmed
rCold   . . .      Faith    .    (no shield)
rNeg    . . .      Spirit   .    (body armour unavailable)
rPois   .          Reflect  .    (helmet currently unavailable)
rElec   .          Harm     .    (no cloak)
rCorr   .          Rampage  .    (no gloves)
Will    .....      NoTele   +    (boots currently unavailable)
Stlth   ..........               (no amulet)
HPRegen 0.27/turn                (no ring)
MPRegen 0.10/turn                (no ring)

@: berserking, lethally poisoned (-6 -> -10), appendages, very quick
A: horns 2, talons 2, AC +5, unfitting armour, cold-blooded
a: End Transformation


You were in the Dungeon.
You had temporarily grown beastly horns and talons.
You visited 1 branch

Inventory:

Scrolls
 g - a scroll of blinking
Potions
 a - a potion of lignification
 b - a potion of curing
 c - a potion of heal wounds
 d - a potion of haste
 e - 2 potions of magic


   Skills:
 + Level 1.1 Fighting
 + Level 2.7 Dodging
 + Level 5.6 Unarmed Combat
 + Level 3.1 Spellcasting
 + Level 3.0 Transmutations


You had 7 spell levels left.
You knew the following spells:

 Your Spells              Type           Power      Damage    Failure   Level
a - Beastly Appendage     Tmut           22%        N/A       5%          1

Your spell library contained the following spells:

 Spells                   Type           Power      Damage    Failure   Level
 Wereblood                Tmut           11%        N/A       9%          2
 Spider Form              Tmut/Pois      6%         N/A       32%         3
 Ice Form                 Ice/Tmut       6%         N/A       71%         4


Dungeon Overview and Level Annotations

Branches:
Dungeon (1/1)

Altars:


Innate Abilities, Weirdness & Mutations

You have temporarily grown beastly horns and talons.
Your plain brown scales are hard. (AC +5)
You cannot fit into any form of body armour.
You are cold-blooded and may be slowed by cold attacks.


Message History

You feel yourself moving faster!
You feel mighty! The jelly misses you.
You punch the jelly!
Your hands burn!
You claw the jelly.
You kill the jelly!
Your Unarmed Combat skill increases to level 5!
Your Spellcasting skill increases to level 3!
Your Transmutations skill increases to level 3!
You have reached level 2!
You have reached level 3!
Your experience leads to an increase in your attributes!
Increase (S)trength, (I)ntelligence, or (D)exterity?
You feel clever. x2; Your scales feel tougher.
Unknown command.
You hit the water moccasin. You headbutt the water moccasin!
You tail-slap the water moccasin.
The water moccasin is severely wounded.
The water moccasin bites you.
You are poisoned.
The water moccasin poisons you!
You barely miss the water moccasin. Your kick misses the water moccasin.
The water moccasin is severely wounded.
You feel sick. The water moccasin barely misses you.
You closely miss the water moccasin. Your kick misses the water moccasin.
The water moccasin is severely wounded.
You feel sick.
You hit the water moccasin.
Your tail-slap misses the water moccasin.
The water moccasin is severely wounded.
You feel sick. The water moccasin bites you.
* * * LOW HITPOINT WARNING * * *
You completely miss the water moccasin. You tail-slap the water moccasin.
The water moccasin is almost dead.
* * * LOW HITPOINT WARNING * * *
You feel sick. The water moccasin closely misses you.
You closely miss the water moccasin.
Your headbutt misses the water moccasin.
Your tail-slap misses the water moccasin.
The water moccasin is almost dead.
* * * LOW HITPOINT WARNING * * *
You feel sick. The water moccasin bites you!
You die... ▓▓▓▓▓▓▓▓▓▓▓▓▓▓▓▓▓▓ ▓<...')...@ShSS..+ ▓▓▓▓▓▓▓▓▓▓▓▓▓▓▓▓▓▓

You could see 3 water moccasins and a hound.

Vanquished Creatures
  A jelly (D)
  2 goblins (D)
  A hobgoblin (D)
  A quokka (D)
  A kobold (D)
6 creatures vanquished.

Notes
Turn   | Place    | Note
-------+----------+-------------------------------------------
     0 | D        | rocky1 the Draconian Transmuter began the quest for the
                  | Orb.
     0 | D        | Reached XP level 1. HP: 16/16 MP: 3/3
    21 | D        | Reached skill level 4 in Unarmed Combat
    41 | D        | Noticed a jelly
    41 | D        | Noticed a water moccasin
    41 | D        | Noticed a hound
    41 | D        | Noticed a water moccasin
    41 | D        | Noticed a water moccasin
    44 | D        | Killed a jelly
    45 | D        | Reached skill level 5 in Unarmed Combat
    45 | D        | Reached XP level 2. HP: 11/23 MP: 3/6
    45 | D        | Reached XP level 3. HP: 14/28 MP: 3/7
    50 | D        | HP: 2/42 [poisoned by a water moccasin]
    50 | D        | Mangled by a water moccasin

Illustrated notes

Levels and vault maps discovered:
D:        linesprint [early_d, line_temple, items_1, d_10, items_2, lair_1,
          lair_end, items_3, orc_1, orc_end, items_4, d_15, swamp_1, shoals_1,
          snake_1, spider_1, d_20, vaults_1, items_5, swamp_end, shoals_end,
          snake_end, spider_end, vaults_end, d_27, items_6, zot_1, zot_end,
          crypt_end, forest_end, elf_end, slime_end, tomb_end, abyss_end,
          pan_hell_end]

Skill      XL: |  1 |
---------------+----+-----
Dodging        | 2 |  2.7
Unarmed Combat | 5 |  5.6
Spellcasting   | 3 |  3.1
Transmutations | 3 |  3.0
Fighting       | |  1.1

Action                   || total
-------------------------++-------
Melee: Unarmed           ||    27
       Kick              ||     4
       Tailslap          ||     4
       Punch             ||     2
       Headbutt          ||     1
 Cast: Beastly Appendage ||     2
  Use: Potion            ||     1
Armor: Skin              ||     2
Dodge: Dodged            ||    14

Table legend: (Time is in decaauts)
 A = Elapsed time spent in this place.
 B = Non-inter-level travel time spent in this place.
 C = Inter-level travel time spent in this place.
 D = Time resting spent in this place.
 E = Time spent auto-exploring this place.
 F = Levels seen in this place.
 G = Mean time per level.
                   A        B        C        D        E       F      G
               +--------+--------+--------+--------+--------+-----+--------+
         Total |     46 |     46 |      0 |     10 |      0 |   1 |   46.0 |
       Dungeon |     46 |     46 |      0 |     10 |      0 |   1 |   46.0 |
               +--------+--------+--------+--------+--------+-----+--------+

Top non-repeatable levels by time:
       D: 46 daAuts
